 Dungeon Crawl Stone Soup version 0.30-a0-702-gdf48620a09 (webtiles) character file.

Game seed: 11861736896316519755

150992 demibob the Shatterer (level 17, -10/182 HPs)
             Began as a Troll Berserker on Jan 21, 2023.
             Was a High Priest of Trog.
             Mangled by a guardian serpent (16 damage)
             ... on level 2 of the Snake Pit.
             The game lasted 01:02:51 (24400 turns).

demibob the Shatterer (Troll Berserker)            Turns: 24400, Time: 01:02:52

Health: -10/182    AC: 16    Str: 35    XL:     17   Next: 0%
Magic:  4/16       EV:  9    Int:  7    God:    Trog [*****.]
Gold:   2009       SH:  0    Dex:  8    Spells: 16/16 levels left

rFire   + + .      SeeInvis .    a - +2 giant spiked club of Blood-Lust {flame, rF+ rN+}
rCold   . . .      Faith    .    (shield currently unavailable)
rNeg    + . .      Spirit   .    Z - +0 acid dragon scales
rPois   .          Reflect  .    k - +2 hat {Stlth+}
rElec   .          Harm     .    (no cloak)
rCorr   +          Rampage  .    (gloves unavailable)
Will    +....                    (boots unavailable)
Stlth   ++                       h - amulet of the acrobat
HPRegen 1.30/turn                T - +4 ring of protection
MPRegen 0.15/turn                V - ring of Zuizxaha {Fly rPois rF+ Str+6 Dex-3}

@: lethally poisoned (-10 -> -17), poison vulnerable, on berserk cooldown,
flying, slowed, studying 2 skills, very slow
A: large, unfitting armour, claws 3, regeneration 1, shaggy fur 1, tough skin 1
a: Renounce Religion, Berserk, Trog's Hand, Brothers in Arms


You were on level 2 of the Snake Pit.
You worshipped Trog.
Trog was extremely pleased with you.
You visited 4 branches of the dungeon, and saw 24 of its levels.
You also visited: Bailey.

You collected 2381 gold pieces.
You spent 372 gold pieces at shops.


Innate Abilities, Weirdness & Mutations

You are too large for most types of armour.
You have claws for hands.
Your natural rate of healing is unusually fast.
You are covered in fur. (AC +1)
You have tough skin. (AC +1)


   Skills:
 - Level 14.4 Fighting
 + Level 21.8 Maces & Flails
 - Level 7.7 Armour
 - Level 2.4 Dodging


You had 16 spell levels left.
You didn't know any spells.
Your spell library was empty.

Inventory:

Hand Weapons
 a - the +2 giant spiked club of Blood-Lust (weapon) {flame, rF+ rN+}
   (Trog gifted it to you on level 2 of the Orcish Mines)

   rF:        It protects you from fire.
   rN:        It protects you from negative energy.
 H - a +4 giant club of chaos
 S - a +5 antimagic giant spiked club
Missiles
 c - 5 throwing nets {=f}
 O - 4 curare-tipped darts {=f}
Armour
 k - a +2 hat of stealth (worn)
 B - the +2 cloak of the Thief {*Fog Slay-2 SInv Stlth+}
   (You found it in a bailey)

   *Fog:      It may release a thick cloud of smoke when the wearer is hurt.
   Slay:      It affects your accuracy & damage with ranged weapons and melee
   (-2).
   SInv:      It lets you see invisible.
   Stlth:     It makes you more stealthy.
 Z - +0 acid dragon scales (worn)
Jewellery
 g - the ring "Leqyucywk" {rF+ rC+}
   (You found it on level 11 of the Dungeon)

   [ring of protection from cold]

   rF:        It protects you from fire.
   rC:        It protects you from cold.
 h - an amulet of the acrobat (around neck)
 m - an amulet of guardian spirit
 r - the ring of Dozy {rF+ Will+ rCorr EV+5 Str-3}
   (You found it on level 1 of the Snake Pit)

   [ring of evasion]

   EV:        It affects your evasion (+5).
   Str:       It affects your strength (-3).
   rF:        It protects you from fire.
   rCorr:     It protects you from acid and corrosion.
   Will:      It increases your willpower.
 s - an amulet of magic regeneration
 t - a +4 ring of protection
 v - a ring of see invisible
 C - a ring of ice
 E - a +5 ring of evasion
 F - a ring of fire
 N - a ring of positive energy
 T - a +4 ring of protection (left claw)
 V - the ring of Zuizxaha (right claw) {Fly rPois rF+ Str+6 Dex-3}
   (You found it on level 5 of the Lair of Beasts)

   [ring of strength]

   Str:       It affects your strength (+6).
   Dex:       It affects your dexterity (-3).
   rF:        It protects you from fire.
   rPois:     It protects you from poison.
   Fly:       It grants you flight.
 W - an amulet of regeneration
 Y - a +4 ring of slaying
Wands
 n - a wand of mindburst (23)
 x - a wand of charming (7)
 y - a wand of flame (54)
 z - a wand of quicksilver (7)
 J - a wand of roots (10)
 Q - a wand of polymorph (14)
Scrolls
 f - 4 scrolls of enchant weapon
 i - 4 scrolls of magic mapping
 o - 6 scrolls of teleportation {@r2}
 u - a scroll of poison
 G - 3 scrolls of enchant armour
 U - 2 scrolls of fog
Potions
 d - 4 potions of flight
 e - 3 potions of curing {@q1}
 j - a potion of berserk rage {!q}
 l - 7 potions of mutation
 p - 5 potions of lignification
 q - 6 potions of haste {@q3}
 w - a potion of invisibility
 L - 5 potions of cancellation
 M - 3 potions of magic
 P - a potion of resistance
Miscellaneous
 b - a box of beasts
 I - a phantom mirror

Dungeon Overview and Level Annotations

Branches:
Dungeon (15/15)            Temple (0/1) D:7            Lair (5/5) D:10
 Shoals (0/4) Lair:3        Snake (2/4) Lair:2        Slime (0/5) Lair:4
    Orc (2/2) D:9             Elf (0/3) Orc:2        Vaults (0/5) D:13
 Depths (0/4) D:15         Bailey (visited)

Altars:
Cheibriados
Dithmenos
Fedhas
Hepliaklqana
Makhleb
Okawaru
Qazlal
Ru
Sif Muna
Trog
Vehumet
Wu Jian
The Shining One
Jiyva

Shops:
D:2 *   D:6 [   D:12 [   Orc:1 (   Orc:2 *(*(   Snake:2 :==!

Annotations:
D:10 4 transporters, OTABOTABOTAB's ghost, journeyman GrEE

#. #.......#
#.####)#.#.##
#...))......# #
###..#.#.#.## ..S. ..
###.......####... ...
##.#.#.###....
....####...†......#.###
............S......!.. #
.........#.O@.......#####
##
.......[.................
.## .....##..#........##
..######. #...........#
...## # ##.........##
....# ###........#
....#### ####......<.#
∩.#..... .............##
....#### #####.........#


You could see a guardian serpent (ally target) and a friendly ogre (summoned,
berserk).


Message History

You start resting.
You feel very sick.
You feel sick. x5
You are no longer poisoned.
A guardian serpent comes into view.
Unknown command.
The guardian serpent shouts!
You hear a shout!
The guardian serpent coils itself and waves its upper body at you.
You feel as though you will be slow longer.
The guardian serpent coils itself and waves its upper body at you.
The bolt of poison hits you!
You are poisoned.
* * * LOW HITPOINT WARNING * * *
Okay, then.
Okay, then.
You feel better.
The guardian serpent coils itself and waves its upper body at you.
You easily resist.
Use which ability? (? or * to list)
You fail to use your ability.
The guardian serpent casts a spell at you.
You feel as though you will be slow longer.
Use which ability? (? or * to list)
Your ogre goes berserk!
The guardian serpent casts a spell at you.
The bolt of poison hits you!!
You are poisoned.
* * * LOW HITPOINT WARNING * * *
The guardian serpent hits you!
You die...

Skill      XL: |  1  2  3  4  5  6  7  8  9 10 11 12 13 14 15 16 |
---------------+-------------------------------------------------+-----
Maces & Flails | 3 4 5 6 7 9 11 13 15 17 18 19 21 | 21.8
Fighting       | 9 11 13 14 | 14.4
Armour         | 6 7 |  7.7
Dodging        | |  2.4

Action                   |  1- 3 |  4- 6 |  7- 9 | 10-12 | 13-15 | 16-18 || total
-------------------------+-------+-------+-------+-------+-------+-------++-------
Melee: Mace              |    94 |   146 |   243 |       |       |       ||   483
       Punch             |       |     2 |     5 |     5 |       |       ||    12
       Giant club        |       |       |    73 |   406 |   433 |       ||   912
       Morningstar       |       |       |       |   472 |       |       ||   472
       Giant spiked club |       |       |       |       |   306 |   404 ||   710
Invok: Berserk           |     2 |     2 |     7 |     8 |     6 |     6 ||    31
       Brothers in Arms  |       |       |       |     2 |     6 |     2 ||    10
       Trog's Hand       |       |       |       |       |     4 |     3 ||     7
Evoke: Wand              |       |     3 |     6 |     3 |     1 |     1 ||    14
       Phantom mirror    |       |       |       |     1 |       |       ||     1
       Box of beasts     |       |       |       |     1 |     1 |       ||     2
  Use: Scroll            |     2 |     4 |    11 |     3 |    16 |     4 ||    40
       Potion            |       |       |     5 |     2 |    13 |     5 ||    25
 Stab: Sleeping          |     2 |       |     1 |     5 |     4 |     1 ||    13
       Distracted        |       |       |       |     3 |     2 |       ||     5
       Invisible         |       |       |       |     1 |       |       ||     1
Armor: Animal skin       |    21 |    43 |   161 |    10 |       |       ||   235
       Troll leather arm |       |       |       |   109 |       |       ||   109
       Steam dragon scal |       |       |       |   386 |   387 |     7 ||   780
       Acid dragon scale |       |       |       |       |       |   178 ||   178
Dodge: Dodged            |    39 |    91 |   194 |   494 |   543 |   237 ||  1598

Levels and vault maps discovered:
D:1:      onia_arrival_mini_maze_b, layout_loops_ring, minmay_split_cup_small
D:2:      layout_basic, serial_shops, nicolae_shop_advertising_works
          [nicolae_subvault_shop_adworks], basic_altar
D:3:      cheibrodos_pilgrimage, layout_rooms, cheibriados_altar_1,
          lemuel_blue_sif_altar, kennysheep_donut,
          chequers_serial_rivers_micro_d, minivault_27
D:4:      layout_loops_cross, lemuel_tele_altar, lemuel_doored_altar,
          corexii_item_surrounded_by_moat, minmay_manual_mullet
D:5:      layout_cave_pods
D:6:      hangedman_cross_stitches, layout_basic, serial_shops, shop,
          uniq_menkaure, uniq_eustachio
D:7:      nzn_winding_woodlands_medium [nzn_winding_woodlands_5x5_perimeter,
          nzn_winding_woodlands_5x15_concentric,
          nzn_winding_woodlands_5x5_three, nzn_winding_woodlands_5x5_default,
          nzn_winding_woodlands_center_lodge,
          nzn_winding_woodlands_5x5_closed_star,
          nzn_winding_woodlands_5x5_open_star,
          nzn_winding_woodlands_5x15_zeroes,
          nzn_winding_woodlands_5x5_checkerboard], layout_rooms,
          minmay_temple_entry_mini_moons, dk_vineyard_2, bh_walls_and_bars,
          uniq_maggie
D:8:      layout_loops_cross, mainiacjoe_overflow_tiny_flanked,
          old_standard_altar
D:9:      layout_loops_ring, kennysheep_mini_moat,
          mainiacjoe_overflow_surrounded_room, nicolae_overflow_squiral,
          orc_0_dummy, enter_bailey_5, grunt_ministairs_15
D:10:     gammafunk_worm_tunnel, layout_cave_pools, nicolae_vehumet_altar_sigil,
          david_lair_generic, gammafunk_ghost_wrathful_warriors, st_stairs_10,
          uniq_joseph
D:11:     dreamdust_isle_of_ice, layout_loops_ring, minmay_fountain_box,
          nicolae_dithmenos_the_darkroom
D:12:     layout_gridville, serial_shops, kennysheep_mini
D:13:     layout_cave_pools, grunt_vaults_entry_fortified,
          minmay_misc_feat_plants, nicolae_ru_the_path_less_chosen
D:14:     layout_cave_pods, minmay_misc_feat_room, dreamdust_mushroom_princess
D:15:     hangedman_depths_entry_civil_slaughter, layout_basic,
          nicolae_figureground_pulse, uniq_kirke
Lair:1:   layout_cave_pods, grunt_megastairs_1, uniq_sonja
Lair:2:   layout_long_grid, minmay_snake_entry_guardpost_small,
          grunt_megastairs_5, serial_bayou_shore_b, uniq_amaemon, uniq_fannar
Lair:3:   layout_misc_corridors, minmay_shoals_entry_centaurs,
          dreamdust_gnoll_shepherd, grunt_megastairs_3
Lair:4:   layout_loops_ring, slime_entry_1, serial_bayou_shore_a
Lair:5:   minmay_lair_end_frog_pond, layout_misc_corridors, lemuel_fruit_tree
Snake:1:  layout_misc_corridors
Snake:2:  layout_rooms, st_stairs_12, minmay_shoptagon
Orc:1:    hellmonk_paralyzer, layout_caves, serial_shops,
          nicolae_shop_bloodbath_and_beyond, portal_ice_cave_entry_ice_simulacra
Orc:2:    st_orc_elflike, layout_caves

Notes
Turn   | Place    | Note
-------+----------+-------------------------------------------
     0 | D:1      | demibob the Troll Berserker began the quest for the Orb.
     0 | D:1      | Reached XP level 1. HP: 22/22 MP: 0/0
   117 | D:1      | Reached skill level 3 in Maces & Flails
   205 | D:1      | Reached XP level 2. HP: 21/29 MP: 1/1
   399 | D:1      | Reached XP level 3. HP: 36/36 MP: 2/2
   567 | D:1      | Reached ** piety under Trog
   659 | D:1      | Reached skill level 4 in Maces & Flails
   854 | D:2      | Reached XP level 4. HP: 44/44 MP: 3/3
  1045 | D:2      | Found an ornate altar of the Wu Jian Council.
  1272 | D:2      | Found Eniwulur's General Store.
  1295 | D:2      | Bought a scroll of identify for 26 gold pieces
  1529 | D:2      | Reached skill level 5 in Maces & Flails
  1761 | D:3      | Identified the +7 chain mail "Hofim Resoth" {rPois Str+3}
  1915 | D:2      | Reached XP level 5. HP: 20/50 MP: 4/4
  1982 | D:3      | Found a snail-covered altar of Cheibriados.
  2192 | D:3      | Found a shimmering blue altar of Sif Muna.
  2485 | D:4      | Noticed a water moccasin
  2486 | D:4      | Noticed a water moccasin
  2493 | D:4      | Killed a water moccasin
  2494 | D:4      | Reached skill level 6 in Maces & Flails
  2494 | D:4      | Reached XP level 6. HP: 59/59 MP: 5/5
  2499 | D:4      | Killed a water moccasin
  2530 | D:4      | Found a glowing golden altar of the Shining One.
  2657 | D:4      | Reached skill level 7 in Maces & Flails
  2855 | D:4      | Found a hazy altar of Hepliaklqana.
  3079 | D:4      | Noticed an orc warrior
  3083 | D:4      | Reached XP level 7. HP: 44/66 MP: 6/6
  3135 | D:4      | Reached skill level 8 in Maces & Flails
  3345 | D:5      | Entered Level 5 of the Dungeon
  3937 | D:5      | Reached skill level 9 in Maces & Flails
  3937 | D:5      | Reached XP level 8. HP: 64/74 MP: 7/7
  4289 | D:6      | Reached *** piety under Trog
  4304 | D:6      | Reached skill level 10 in Maces & Flails
  4352 | D:6      | Noticed Menkaure
  4367 | D:6      | Killed Menkaure
  4481 | D:6      | Found Vaeklam's Antique Armour Emporium.
  4490 | D:6      | Bought a glowing hat for 196 gold pieces
  4594 | D:6      | Reached skill level 11 in Maces & Flails
  4610 | D:6      | Reached XP level 9. HP: 74/80 MP: 8/8
  4946 | D:6      | Noticed Eustachio
  4988 | D:6      | Killed Eustachio
  5188 | D:7      | Reached skill level 12 in Maces & Flails
  5426 | D:7      | Noticed Maggie
  5435 | D:7      | Killed Maggie
  5465 | D:7      | Found a staircase to the Ecumenical Temple.
  5540 | D:7      | Reached skill level 13 in Maces & Flails
  5717 | D:7      | Reached XP level 10. HP: 83/88 MP: 9/9
  5812 | D:7      | Reached **** piety under Trog
  5860 | D:7      | Noticed an orange demon
  5874 | D:7      | Reached skill level 14 in Maces & Flails
  5933 | D:7      | Noticed a gargoyle
  5937 | D:7      | Killed a gargoyle
  5960 | D:7      | Identified the +2 rapier of the Blind Eye {heavy, *Rage
                  | rElec Str+3}
  6325 | D:8      | Found a blossoming altar of Fedhas.
  6646 | D:8      | Found a stormy altar of Qazlal.
  6689 | D:8      | Identified the +8 scimitar "Soewifan" {vamp, Will+}
  6769 | D:9      | Found a flagged portal.
  6786 | Bailey   | Entered a bailey
  6936 | Bailey   | Reached skill level 15 in Maces & Flails
  6986 | Bailey   | Noticed a gargoyle
  6993 | Bailey   | Killed a gargoyle
  7120 | Bailey   | Found the +2 cloak of the Thief {*Fog Slay-2 SInv Stlth+}
  7125 | Bailey   | Reached ***** piety under Trog
  7327 | D:9      | Found an ornate altar of the Wu Jian Council.
  7328 | D:9      | Found a burning altar of Makhleb.
  7418 | D:9      | Reached XP level 11. HP: 86/94 MP: 10/10
  7526 | D:9      | Found a bloodstained altar of Trog.
  7701 | D:9      | Found an iron altar of Okawaru.
  7959 | D:9      | Found a staircase to the Orcish Mines.
  8030 | D:9      | Reached skill level 16 in Maces & Flails
  8119 | D:10     | Entered Level 10 of the Dungeon
  8246 | D:10     | Found a transporter.
  8279 | D:9      | Received a gift from Trog
  8349 | D:10     | Found a radiant altar of Vehumet.
  8414 | D:10     | Found a transporter.
  8537 | D:10     | Found a transporter.
  8550 | D:10     | Found a bloodstained altar of Trog.
  8551 | D:10     | Noticed a two-headed ogre
  8551 | D:10     | Noticed a tengu warrior
  8551 | D:10     | Noticed OTABOTABOTAB's ghost (journeyman GrEE)
  8570 | D:10     | Found a transporter.
  8610 | D:10     | Found a staircase to the Lair.
  8734 | D:10     | Noticed Joseph
  8758 | D:10     | Killed Joseph
  8759 | D:10     | Reached skill level 17 in Maces & Flails
  8946 | Lair:1   | Entered Level 1 of the Lair of Beasts
  9215 | Lair:1   | Noticed a four-headed hydra
  9233 | Lair:1   | Killed a four-headed hydra
  9305 | Lair:1   | Noticed Sonja
  9329 | Lair:1   | Killed Sonja
 10087 | Lair:2   | Found a staircase to the Snake Pit.
 10114 | Lair:2   | Reached XP level 12. HP: 98/104 MP: 11/11
 10238 | Lair:2   | Noticed an eight-headed hydra
 10246 | Lair:2   | Killed an eight-headed hydra
 10287 | Lair:2   | Reached skill level 18 in Maces & Flails
 10292 | Lair:2   | Reached skill level 3 in Fighting
 10335 | Lair:2   | Reached skill level 4 in Fighting
 10510 | Lair:2   | Noticed Fannar
 10525 | Lair:2   | Killed Fannar
 10526 | Lair:2   | Reached skill level 5 in Fighting
 10810 | Lair:2   | Noticed Amaemon
 10820 | Lair:2   | Killed Amaemon
 10821 | Lair:2   | Reached skill level 6 in Fighting
 11146 | Lair:3   | Noticed a seven-headed hydra
 11153 | Lair:3   | Killed a seven-headed hydra
 11154 | Lair:3   | Reached skill level 7 in Fighting
 11253 | Lair:3   | Reached skill level 8 in Fighting
 11363 | Lair:3   | Reached skill level 9 in Fighting
 11363 | Lair:3   | Reached XP level 13. HP: 131/131 MP: 12/12
 11525 | Lair:3   | Found a staircase to the Shoals.
 11885 | Lair:4   | Identified a potion of experience
 11886 | Lair:4   | Reached skill level 11 in Fighting
 11886 | Lair:4   | Reached XP level 14. HP: 146/146 MP: 13/13
 11955 | Lair:4   | Found a staircase to the Slime Pits.
 11955 | Lair:4   | Found a viscous altar of Jiyva.
 11967 | Lair:4   | Reached skill level 1 in Armour
 12053 | Lair:4   | Reached skill level 2 in Armour
 12531 | Lair:5   | Entered Level 5 of the Lair of Beasts
 12704 | Lair:5   | Reached skill level 3 in Armour
 13100 | Lair:4   | Reached skill level 4 in Armour
 13105 | Lair:4   | Reached skill level 12 in Fighting
 13393 | Lair:5   | Reached skill level 5 in Armour
 13595 | D:11     | Found a shadowy altar of Dithmenos.
 13698 | D:11     | Reached skill level 6 in Armour
 13800 | D:11     | Identified the ring "Leqyucywk" {rF+ rC+}
 14292 | D:11     | Reached skill level 13 in Fighting
 14641 | D:12     | Reached XP level 15. HP: 159/159 MP: 14/14
 14709 | D:12     | Reached ****** piety under Trog
 14716 | D:12     | Received a gift from Trog
 14752 | D:12     | Found Ykikejah's Antique Armour Emporium.
 15062 | D:12     | Reached skill level 7 in Armour
 15824 | Lair:5   | Identified the ring of Zuizxaha {Fly rPois rF+ Str+6 Dex-3}
 16175 | Orc:1    | Entered Level 1 of the Orcish Mines
 16243 | Orc:1    | Found Ymoir's Weapon Shoppe.
 16543 | Orc:2    | Entered Level 2 of the Orcish Mines
 16543 | Orc:2    | Found a staircase to the Elven Halls.
 16553 | Orc:2    | Identified the +2 giant spiked club of Blood-Lust {flame,
                  | rF+ rN+} (Trog gifted it to you on level 2 of the Orcish
                  | Mines)
 16553 | Orc:2    | Received a gift from Trog
 17095 | Orc:2    | Reached skill level 14 in Fighting
 17121 | Orc:2    | Paralysed by an orc sorcerer for 3 turns
 17127 | Orc:2    | Paralysed by an orc sorcerer for 2 turns
 17440 | Orc:2    | Found Joppeeg's Antique Weapon Emporium.
 17440 | Orc:2    | Found Unoicezi's General Store.
 17441 | Orc:2    | Found Quudgh's General Store.
 17441 | Orc:2    | Found Syropnus's Weapon Shop.
 17451 | Orc:2    | Bought a potion of cancellation for 120 gold pieces
 17451 | Orc:2    | Bought a scroll of identify for 30 gold pieces
 18395 | D:13     | Found a sacrificial altar of Ru.
 18396 | D:13     | Identified a potion of resistance
 18578 | D:14     | You fall into a shaft and drop 1 floor!
 18578 | D:15     | Entered Level 15 of the Dungeon
 18773 | D:15     | Received a gift from Trog
 19352 | D:14     | HP: 8/165 [white ugly thing (27)]
 19617 | D:14     | Reached skill level 19 in Maces & Flails
 20114 | D:14     | Reached XP level 16. HP: 130/174 MP: 15/15
 20821 | D:15     | Noticed Kirke
 20846 | D:15     | Killed Kirke
 21173 | D:15     | Reached skill level 20 in Maces & Flails
 21231 | D:15     | Found a staircase to the Depths.
 21556 | D:13     | Paralysed by an orc sorcerer for 4 turns
 21656 | D:13     | Found a gate to the Vaults.
 21669 | D:13     | Received a gift from Trog
 21962 | Snake:1  | Entered Level 1 of the Snake Pit
 22112 | Snake:1  | Identified the ring of Dozy {rF+ Will+ rCorr EV+5 Str-3}
 22188 | Snake:1  | HP: 25/261 [black mamba (5)]
 22193 | Snake:1  | HP: 12/174 [poisoned by a black mamba]
 22198 | Snake:1  | HP: 13/174 [poisoned by a black mamba]
 22448 | Lair:2   | Upgraded the game from 0.30-a0-696-g2367cd04db to
                  | 0.30-a0-702-gdf48620a09
 23020 | Snake:1  | Reached skill level 21 in Maces & Flails
 23195 | Snake:1  | Identified the +1 robe "Cisam" {Str+3 Dex+2}
 23231 | Snake:2  | Found Soenehamp's Jewellery Shoppe.
 23538 | Snake:2  | Found Biges's Distillery.
 23538 | Snake:2  | Found Ethisip's Book Emporium.
 23573 | Snake:1  | HP: 16/174 [black mamba (2)]
 23832 | Snake:2  | Found Tawkuh Lips's Jewellery Emporium.
 24381 | Snake:2  | Received a gift from Trog
 24384 | Snake:2  | Reached XP level 17. HP: 38/182 MP: 1/16
 24388 | Snake:2  | HP: 18/182 [poisoned by a naga mage (bolt of poison)]
 24397 | Snake:2  | HP: 13/182 [guardian serpent/bolt of poison (15)]
 24400 | Snake:2  | HP: 6/182 [guardian serpent/bolt of poison (23)]
 24400 | Snake:2  | Mangled by a guardian serpent

Vanquished Creatures
  Kirke (D:15)
  A stone giant (D:15)
  7 hydras
  Fannar (Lair:2)
  5 vault guards (D:13)
  An ice dragon (D:11)
  4 ogre magi
  4 anacondas
  8 naga warriors
  2 centaur warriors
  A boulder beetle (D:14)
  5 two-headed ogres
  2 death yaks (D:11)
  A tengu warrior (D:15)
  5 shock serpents
  2 orc high priests (Orc:2)
  A naga sharpshooter (Snake:2)
  Amaemon (Lair:2)
  5 skeletal warriors (D:14)
  3 deep trolls (D:15)
  4 naga ritualists
  A wizard (D:15)
  3 lindwurms
  5 orc knights
  A necromancer (D:15)
  6 mana vipers
  15 ugly things
  2 deep elf pyromancers
  2 cyclopes
  5 orc sorcerers
  A manticore (D:13)
  7 salamanders
  21 black mambas
  17 elephants
  A guardian serpent (Snake:1)
  10 naga magi
  Joseph (D:10)
  A torpor snail (Lair:2)
  18 cane toads
  An orange demon (Lair:2)
  Maggie (D:7)
  3 gargoyles
  8 komodo dragons
  5 rime drakes
  3 kobold demonologists
  An efreet (D:13)
  A freezing wraith (D:11)
  An ice devil (D:11)
  3 meliai (D:13)
  2 hornets
  5 polar bears
  5 trolls
  2 tyrant leeches (Lair:5)
  25 blink frogs
  15 slime creatures
  A vampire (Bailey)
  2 jumping spiders (shapeshifter)
  A wraith (D:11)
  Eustachio (D:6)
  A shadow (D:11)
  55 yaks
  5 wyverns
  2 hogs (D:15)
  4 basilisks
  2 humans (D:13)
  A human (shapeshifter) (D:13)
  3 steam dragons
  26 vampire mosquitoes
  Menkaure (D:6)
  21 nagas
  An acid dragon (D:7)
  16 water moccasins
  2 floating eyes (Orc:1)
  16 orc warriors
  An ice beast (D:7)
  4 sky beasts
  3 black bears
  12 ogres
  17 wolves
  22 centaurs
  2 phantoms (D:5)
  11 bullfrogs
  A kobold brigand (D:7)
  A necrophage (D:5)
  A gnoll sergeant (D:10)
  4 scorpions
  A two-headed ogre simulacrum (D:11)
  7 wights
  An elephant simulacrum (D:11)
  10 killer bees
  6 vampire bats (Bailey)
  5 howler monkeys
  7 wolf zombies (Bailey)
  2 electric eels (Lair:5)
  10 orc priests
  4 jellies
  4 gnoll boudas
  6 hounds
  5 iguanas
  23 orc wizards
  A spriggan simulacrum (D:11)
  A troll simulacrum (D:11)
  A wolf simulacrum (D:11)
  12 gnolls
  A naga simulacrum (Orc:1)
  5 adders
  A shadow imp (D:7)
  3 white imps
  3 ufetubi
  4 dart slugs
  53 orcs
  6 bats
  8 endoplasms
  4 giant cockroaches
  11 goblins
  10 hobgoblins
  8 kobolds
  4 quokkas
  7 ball pythons
  3 frilled lizards (D:1)
  19 orc zombies (Bailey)
  3 rats (D:1)
761 creatures vanquished.

Vanquished Creatures (collateral kills)
  A rakshasa (D:14)
  An orc high priest (Orc:2)
  Sonja (Lair:1)
  A goliath frog (Lair:5)
  5 ugly things
  An orc sorcerer (Orc:2)
  A cane toad (Lair:5)
  A komodo dragon (Lair:5)
  3 blink frogs (Lair:5)
  6 yaks
  4 orc warriors (Orc:2)
  3 wolves (Lair:1)
  An orc wizard (Orc:2)
29 creatures vanquished.

Vanquished Creatures (others)
  3 humans (D:15)
  2 bushes
  27 fungi
  119 plants
151 creatures vanquished.

Grand Total: 941 creatures vanquished

Table legend: (Time is in decaauts)
 A = Elapsed time spent in this place.
 B = Non-inter-level travel time spent in this place.
 C = Inter-level travel time spent in this place.
 D = Time resting spent in this place.
 E = Time spent auto-exploring this place.
 F = Levels seen in this place.
 G = Mean time per level.
                   A        B        C        D        E       F      G
               +--------+--------+--------+--------+--------+-----+--------+
         Total |  24406 |  22637 |   1769 |   3497 |  13797 |  25 |  976.2 |
       Dungeon |  14690 |  13523 |   1167 |   1702 |   8791 |  15 |  979.3 |
          Lair |   5708 |   5223 |    485 |    995 |   3113 |   5 | 1141.6 |
     Snake Pit |   2074 |   2030 |     44 |    504 |    948 |   2 | 1037.0 |
  Orcish Mines |   1480 |   1409 |     71 |    287 |    759 |   2 |  740.0 |
        Bailey |    451 |    451 |      0 |      6 |    186 |   1 |  451.0 |
               +--------+--------+--------+--------+--------+-----+--------+

Top non-repeatable levels by time:
    D:14: 1578 daAuts
  Lair:2: 1479 daAuts
  Lair:4: 1476 daAuts
 Snake:1: 1300 daAuts
    D:13: 1233 daAuts
    D:11: 1211 daAuts
  Lair:1: 1108 daAuts
     D:4: 1011 daAuts
     D:9: 997 daAuts
   Orc:2: 990 daAuts
     D:7: 978 daAuts
    D:10: 948 daAuts
     D:2: 935 daAuts
     D:6: 929 daAuts
     D:5: 901 daAuts

Table legend:
 A = Non-vault XP
 B = Vault XP
 C = Vault XP percentage of total XP
 D = Non-vault monster count
 E = Vault monster count
 F = Vault count percentage of total count
                 A         B        C        D         E       F
            +---------+---------+-------+---------+---------+-------
      Total |  135658 |   52013 |  27.7 |     581 |     209 |  26.5
            +---------+---------+-------+---------+---------+-------
        D:1 |      51 |       5 |   8.9 |      27 |       3 |  10.0
        D:2 |     117 |       0 |   0.0 |      18 |       0 |   0.0
        D:3 |      80 |      39 |  32.8 |      16 |       2 |  11.1
        D:4 |     465 |     344 |  42.5 |      12 |       5 |  29.4
        D:5 |     686 |       0 |   0.0 |      18 |       0 |   0.0
        D:6 |     686 |    1171 |  63.1 |       9 |      12 |  57.1
        D:7 |     979 |    3026 |  75.6 |      22 |      22 |  50.0
        D:8 |    1368 |       0 |   0.0 |      19 |       0 |   0.0
        D:9 |    1730 |    1191 |  40.8 |      17 |       9 |  34.6
       D:10 |    3021 |    1297 |  30.0 |      22 |       7 |  24.1
       D:11 |    4637 |    4920 |  51.5 |      25 |      15 |  37.5
       D:12 |    3013 |       0 |   0.0 |      22 |       0 |   0.0
       D:13 |    8900 |    6239 |  41.2 |      24 |      10 |  29.4
       D:14 |   17861 |       0 |   0.0 |      37 |       0 |   0.0
       D:15 |    6886 |    6333 |  47.9 |      19 |       9 |  32.1
     Lair:1 |    2750 |    1139 |  29.3 |      12 |       2 |  14.3
     Lair:2 |    5512 |    2404 |  30.4 |      18 |       5 |  21.7
     Lair:3 |    9357 |    1513 |  13.9 |      31 |       8 |  20.5
     Lair:4 |    9915 |    3173 |  24.2 |      40 |      14 |  25.9
     Lair:5 |   13841 |    6337 |  31.4 |      46 |      19 |  29.2
    Snake:1 |   22753 |       0 |   0.0 |      48 |       0 |   0.0
    Snake:2 |   17020 |     560 |   3.2 |      34 |       1 |   2.9
      Orc:1 |     669 |    2815 |  80.8 |      13 |       7 |  35.0
      Orc:2 |    3361 |    8048 |  70.5 |      32 |      25 |  43.9
     Bailey |       0 |    1459 | 100.0 |       0 |      34 | 100.0
            +---------+---------+-------+---------+---------+-------
